 Dungeon Crawl Stone Soup version 0.31-a0-854-g362426d53f (webtiles) character file.

Game seed: 5750172245481509850

229 Shayle the Trooper (level 5, 0/42 HPs)
             Began as a Demonspawn Warper on Oct 9, 2023.
             Slain by an iguana (9 damage)
             ... on level 4 of the Dungeon.
             The game lasted 00:08:39 (3360 turns).

Shayle the Trooper (Demonspawn Warper)              Turns: 3360, Time: 00:08:40

Health: 0/42       AC: 16    Str:  9 (11) XL:     5   Next: 71%
Magic:  10/10      EV: 10    Int: 15 (16) God:
Gold:   186        SH:  0    Dex: 13      Spells: 9/11 levels left

rFire   + . .        s - +0 trident
rCold   + . .        (no shield)
rNeg    . . .        h - +0 ring mail
rPois   .            m - +0 helmet
rElec   .            g - scarf {rC+ rF+}
rCorr   .            (no gloves)
SInv    .            e - +0 pair of boots
Will    .....        (no amulet)
Stlth   +            (no ring)
HPRegen 0.27/turn    (no ring)
MPRegen 0.12/turn

%: no passive effects
@: sanguine armoured
A: sanguine armour 2, weakness stinger 1
a: no special abilities


You were on level 4 of the Dungeon.
You visited 1 branch of the dungeon, and saw 4 of its levels.

You collected 186 gold pieces.

Inventory:

Hand Weapons
 a - a +0 spear
 p - a +0 hand axe of freezing
 s - a +0 trident (weapon)
Missiles
 d - 7 darts of dispersal (quivered)
 i - 4 poisoned darts
Armour
 b - a +0 leather armour
 e - a +0 pair of boots (worn)
 g - a scarf of resistance (worn)
 h - a +0 ring mail (worn)
 m - a +0 helmet (worn)
Jewellery
 n - a ring of protection from cold
Scrolls
 c - a scroll of blinking
 f - 6 scrolls of teleportation {unknown}
 j - a scroll of enchant weapon {unknown}
 k - a scroll of revelation {unknown}
 l - a scroll of identify {unknown}
 o - a scroll of noise {unknown}
 q - 3 scrolls of silence {unknown}
 r - a scroll of vulnerability {unknown}


   Skills:
 + Level 3.8 Fighting
 - Level 1.7 Polearms
 - Level 0.8 Throwing
 + Level 3.0 Armour
 - Level 1.7 Dodging
 + Level 3.5 Spellcasting
 - Level 2.6 Translocations


You had 9 spell levels left.
You knew the following spells:

 Your Spells              Type           Power      Damage    Failure   Level
a - Blink                 Tloc           20%        N/A       26%         2

Your spell library contained the following spells:

 Spells                   Type           Power      Damage    Failure   Level
 Lesser Beckoning         Tloc           20%        N/A       26%         2
 Freeze                   Ice            8%         1d3       45%         1
 Summon Small Mammal      Summ           8%         N/A       45%         1
 Teleport Other           Tloc           10%        N/A       45%         3
 Call Canine Familiar     Summ           2%         N/A       83%         3
 Frozen Ramparts          Ice            4%         1d1       83%         3
 Hailstorm                Conj/Ice       2%         3d3       83%         3
 Summon Guardian Golem    Hex/Summ       2%         N/A       83%         3
 Manifold Assault         Tloc           10%        N/A       86%         4
 Vhi's Electric Charge    Tloc/Air       12%        N/A       96%         4


Dungeon Overview and Level Annotations

Branches:
Dungeon (4/15)
 Temple: D:4-7

Altars:
Nemelex Xobeh

Annotations:
D:4 Blork the orc


Innate Abilities, Weirdness & Mutations

When seriously injured, your blood forms thick armour. (AC +9)
You have a small tail.


Message History

You hit the iguana.
You tail-slap the iguana, but do no damage.
The iguana is moderately wounded.
The kobold hits you with a +0 dagger.
The iguana bites you but does no damage.
You hit the iguana.
The iguana is heavily wounded.
The iguana bites you but does no damage.
The kobold barely misses you. x2; The iguana closely misses you.
You barely miss the iguana.
Your tail-slap misses the iguana.
The iguana is heavily wounded.
The iguana barely misses you. The kobold barely misses you.
You hit the iguana but do no damage.
The iguana is heavily wounded.
The iguana bites you! The kobold barely misses you.
You hit the iguana.
The iguana is heavily wounded.
The kobold hits you with a +0 dagger.
Your blood congeals into armour.
The iguana closely misses you.
You hit the iguana but do no damage.
Your tail-slap misses the iguana.
The iguana is heavily wounded.
The iguana closely misses you.
The kobold hits you but does no damage. x2
The iguana bites you but does no damage.
You closely miss the iguana.
The iguana is heavily wounded.
The kobold hits you but does no damage. The iguana barely misses you.
You barely miss the iguana.
You tail-slap the iguana, but do no damage.
You punch the iguana.
The iguana is severely wounded.
The iguana closely misses you. The kobold barely misses you.
You closely miss the iguana.
The iguana is severely wounded.
The iguana bites you! The kobold hits you with a +0 dagger.
You barely miss the iguana.
The iguana is severely wounded.
The iguana bites you!
* * * LOW HITPOINT WARNING * * *
The kobold hits you but does no damage. The iguana bites you!
You die...

......#...#.....#
............#####
#####...####
##..# #..# #..#
#..# .######..#
.......@.#
###...Kl.#
#####...# #.....
#...... .....#..#
....#..#.
....#..#


You could see an iguana and a kobold.

Vanquished Creatures
  A scorpion (D:4)
  2 orc wizards (D:3)
  5 adders
  2 dart slugs
  A worm (D:2)
  4 orcs
  7 endoplasms
  A giant cockroach (D:1)
  9 goblins
  8 hobgoblins
  3 jackals (D:1)
  2 kobolds
  4 quokkas
  4 ball pythons
  6 bats
  2 frilled lizards (D:1)
  5 rats
66 creatures vanquished.

Notes
Turn   | Place    | Note
-------+----------+-------------------------------------------
     0 | D:1      | Shayle the Demonspawn Warper began the quest for the Orb.
     0 | D:1      | Reached XP level 1. HP: 16/16 MP: 3/3
    28 | D:1      | Reached skill level 1 in Armour
   125 | D:1      | Gained mutation: When seriously injured, your blood forms
                  | armour. (AC +9) [demonic ancestry]
   125 | D:1      | Reached XP level 2. HP: 16/22 MP: 5/5
   290 | D:1      | Found a faded altar of an unknown god.
   757 | D:1      | Reached XP level 3. HP: 27/28 MP: 6/6
  1847 | D:2      | Gained mutation: When seriously injured, your blood forms
                  | thick armour. (AC +9) [demonic ancestry]
  1847 | D:2      | Reached XP level 4. HP: 30/35 MP: 8/8
  2349 | D:3      | Gained mutation: You have a small tail. [demonic ancestry]
  2349 | D:3      | Reached XP level 5. HP: 41/41 MP: 9/9
  2741 | D:3      | Found a sparkling altar of Nemelex Xobeh.
  2995 | D:4      | HP: 3/61 [poisoned by a scorpion]
  3122 | D:4      | Learned a level 2 spell: Blink
  3207 | D:4      | Noticed Blork the orc
  3360 | D:4      | Slain by an iguana

Illustrated notes

Levels and vault maps discovered:
D:1:      lightli_arrival_farm, layout_loops_ring,
          shapermc_ecumenical_altar_acropolis, chequers_serial_rivers_micro_b
D:2:      layout_loops_corners, serial_rivers, chequers_serial_rivers_marsh,
          chequers_serial_rivers_small_a, chequers_serial_rivers_marsh,
          chequers_serial_rivers_room_a, guppyfry_early_lair_pool
D:3:      layout_basic, dreamdust_divine_triumvirate, amcnicky_altar_gilded,
          columned_hall_lemuel, st_stairs_5
D:4:      layout_layer_cave, minmay_fractal_squares_gapless_5,
          uniq_blork_the_orc

Skill      XL: |  1  2  3  4  5 |
---------------+----------------+-----
Armour         | 1 2 3 |  3.0
Fighting       | 3 |  3.8
Spellcasting   | 3 |  3.5
Polearms       | |  1.7
Throwing       | |  0.8
Dodging        | |  1.7
Translocations | |  2.6

Action                     |  1- 3 |  4- 6 || total
---------------------------+-------+-------++-------
  Melee: Spear             |   189 |       ||   189
         Trident           |    19 |   136 ||   155
         Tailslap          |       |     8 ||     8
         Punch             |       |     1 ||     1
    Use: Potion            |       |     5 ||     5
   Stab: Sleeping          |     1 |       ||     1
 Armour: Leather armour    |    55 |       ||    55
         Ring mail         |    67 |   176 ||   243
         Skin              |       |    32 ||    32
  Dodge: Dodged            |   119 |   100 ||   219

Table legend: (Time is in decaauts)
 A = Elapsed time spent in this place.
 B = Non-inter-level travel time spent in this place.
 C = Inter-level travel time spent in this place.
 D = Time resting spent in this place.
 E = Time spent auto-exploring this place.
 F = Levels seen in this place.
 G = Mean time per level.
                   A        B        C        D        E       F      G
               +--------+--------+--------+--------+--------+-----+--------+
         Total |   3434 |   3332 |    102 |    293 |   2130 |   4 |  858.5 |
       Dungeon |   3434 |   3332 |    102 |    293 |   2130 |   4 |  858.5 |
               +--------+--------+--------+--------+--------+-----+--------+

Top non-repeatable levels by time:
     D:1: 1141 daAuts
     D:2: 1026 daAuts
     D:3: 879 daAuts
     D:4: 387 daAuts
